[Event "Djerba Festival Open-A 2024"]
[Site "Djerba"]
[Date "2024.02.18"]
[Round "1.2"]
[White "Schenaoui Nabil"]
[Black "Defromont, Benjamin"]
[Result "0-1"]
[ECO "A45"]
[WhiteElo "2115"]
[BlackElo "2423"]
[Annotator "RC"]
[PlyCount "97"]
[EventDate "2024.02.18"]
[EventType "swiss"]
[EventCountry "TUN"]
[SourceTitle "playchess.com"]
[Source "ChessBase"]
[SourceQuality "1"]
[TimeControl "5400+30"]

1. d4 Nf6 2. Bf4 c5 3. e3 Nd5 4. Bg3 Qb6 5. b3 cxd4 6. Qxd4 Qxd4 7. exd4 Nc6 8. c3 g6 9. Bc4 Nb6 10. Bd3 Bg7 11. Nf3 d6 12. O-O O-O 13. Nbd2 Bd7 14. Rac1 Rae8 15. Nc4 Nd5 16. Ne3 Nxe3 17. fxe3 e5 18. Bc4 Bh6 19. Rce1 Kg7 20. Bf2 f5 21. Rd1 e4 22. Nd2 Ne7 23. Rde1 b5 24. Be2 Nd5 25. Bxb5 Bxb5 26. c4 Ba6 27. cxd5 Bxf1 28. Kxf1 f4 29. Ke2 Rf5 30. Rc1 Re7 31. Rc6 Rxd5 32. Nc4 Rh5 33. h3 d5 34. Ne5 Rf5 35. Rc5 Bg5 36. exf4 Bxf4 37. g4 Rf8 38. Rxd5 Rc8 39. Nc4 Rc6 40. Rd8 Ra6 41. a3 Rb7 42. d5 Rxb3 43. Bd4+ Kh6 44. h4 Rh3 45. Rd7 Rxh4 46. d6 Rh2+ 47. Kf1 Rc6 48. Rc7 Rxc7 49. Be5 0-1

[Event "Djerba Festival Open-A 2024"]
[Site "Djerba"]
[Date "2024.02.18"]
[Round "1.3"]
[White "Eden, James"]
[Black "Dwilewicz, Katarzyna"]
[Result "1-0"]
[ECO "B22"]
[WhiteElo "2319"]
[BlackElo "2129"]
[Annotator "TA"]
[PlyCount "127"]
[EventDate "2024.02.18"]
[EventType "swiss"]
[EventCountry "TUN"]
[SourceTitle "playchess.com"]
[Source "ChessBase"]
[SourceQuality "1"]
[TimeControl "5400+30"]

1. e4 c5 2. Nf3 e6 3. c3 d5 4. exd5 Qxd5 5. d4 Nf6 6. Na3 Nc6 7. Nb5 Qd8 8. dxc5 Bxc5 9. Qxd8+ Kxd8 10. Bf4 Nd5 11. Rd1 Ke7 12. Rxd5 exd5 13. Nc7 Be6 14. Nxa8 Rxa8 15. Bb5 a6 16. Bxc6 bxc6 17. Ke2 a5 18. Ne5 Rc8 19. Nd3 Bd6 20. Be3 c5 21. Rd1 Rc7 (21... Bxh2 $6 22. Nxc5 Be5 23. Kd2 $11) 22. Rd2 f6 (22... Bxh2 $6 23. g3 (23. Nxc5 Be5 $16) (23. Bxc5+ Bd6 $14) 23... d4 24. cxd4 cxd4 25. Bxd4 $16) 23. Kf3 h5 (23... Bxh2 24. g3 (24. Bxc5+ Bd6 $14) (24. Nxc5 Be5 $11) 24... d4 25. cxd4 $16) 24. Bf4 g5 25. Bxd6+ Kxd6 26. h3 (26. Ke3 $15) 26... Bf5 (26... Re7 $17 27. b3 Bf5) 27. Ke2 $1 $15 Re7+ 28. Kd1 Rb7 29. Nc1 h4 30. Nb3 Ra7 31. Re2 (31. Na1 $15) 31... a4 $17 32. Nd2 a3 33. b3 Bg6 34. c4 $2 {[%emt 0:01:20] [#]} (34. Re3 $17 {was worth a try.}) 34... d4 $1 $19 35. Kc1 $2 (35. Re1 {is a better defense.}) 35... Bd3 $19 36. Re1 Re7 37. Rxe7 Kxe7 38. g3 hxg3 39. fxg3 f5 40. Nf3 Kf6 41. h4 gxh4 42. gxh4 f4 43. h5 Be2 44. Nd2 f3 (44... Bxh5 $142 45. Ne4+ Ke5 46. Nxc5 Bg6) 45. Ne4+ (45. b4 $142 cxb4 46. c5) 45... Ke5 $2 (45... Kf5 $19 46. Nf2 Kg5) 46. Nf2 $11 Kf5 47. Kd2 Bf1 48. Ke1 Be2 49. Kd2 $1 Bf1 50. h6 (50. Ke1 $1 $11 Be2 51. Kd2) 50... Kg6 $17 51. Ne4 Bg2 (51... Kxh6 52. Nxc5 Bh3 53. Nd3 $11) (51... Bh3 $1 $15 52. h7 Kg7 (52... Kxh7 $2 53. Ng5+ Kh6 54. Nxh3 $18)) 52. Ke1 $11 d3 $2 (52... Kxh6 $11 53. Nxc5 Kg5) 53. Nf2 $2 (53. Nxc5 $2 {too greedy.} d2+ (53... Kxh6 $2 54. Nxd3 Bh3 55. Ne5 $18) 54. Kxd2 f2 $19 (54... Kxh6 $2 55. Ne4 $18)) (53. Kd2 $18) 53... Kxh6 $11 54. Nxd3 Kg5 $2 (54... Bh3 $11) 55. Nxc5 $18 (55. Kf2 Kf5 $16) 55... Kf4 56. Kf2 Ke5 57. Ke3 Bh3 58. Nd3+ ({Inferior is} 58. Kxf3 Kd4 59. Ne4 Bf5 $11) 58... Kd6 59. Kxf3 Bf5 60. Ke3 Bg6 61. Kd4 Bf5 62. Kc3 Kc6 63. Nb4+ Kb6 64. Nc2 1-0

[Event "Djerba Festival Open-A 2024"]
[Site "Djerba"]
[Date "2024.02.18"]
[Round "1.4"]
[White "Levacic, Damir"]
[Black "Domenech, Vianney"]
[Result "0-1"]
[ECO "E11"]
[WhiteElo "2112"]
[BlackElo "2254"]
[Annotator "TA"]
[PlyCount "63"]
[EventDate "2024.02.18"]
[EventType "swiss"]
[EventCountry "TUN"]
[SourceTitle "playchess.com"]
[Source "ChessBase"]
[SourceQuality "1"]
[TimeControl "5400+30"]

1. d4 Nf6 2. c4 e6 3. Nf3 Bb4+ 4. Nbd2 O-O 5. a3 Be7 6. e4 d6 7. Bd3 e5 8. d5 a5 {[%emt 0:02:49] The position is equal.} 9. Rb1 a4 10. Bc2 Qe8 11. O-O Bd7 12. c5 Na6 13. cxd6 cxd6 14. Re1 Nc5 15. Nf1 Bd8 16. Ng3 Ba5 17. Bd2 Qd8 18. Bc3 Qb6 19. Qd2 Rfc8 20. Nh4 Bxc3 (20... Nb3 {feels hotter.} 21. Bxb3 Bxc3 22. bxc3 axb3 23. Nhf5 Bxf5 24. Nxf5 Rc4) 21. bxc3 Nb3 22. Qe3 (22. Bxb3 $1 $11 axb3 23. Nhf5 Bxf5 (23... Rxa3 24. Qg5 $16) 24. Nxf5) 22... Qxe3 $17 23. Rxe3 {[%emt 0:00:00] [#]} Nd2 {[%emt 0:01:13] Black is more active.} 24. Rxb7 (24. Ra1 $17) 24... Nc4 $1 $19 25. Re2 Nxa3 26. Nhf5 Rxc3 27. Rb2 (27. Re3 Rxc2 28. Rxa3) 27... Nc4 (27... Rxc2 $142 28. Rexc2 Nxc2 29. Nxd6 Nd4) 28. Ra2 a3 {[%emt 0:04:04] Strongly threatening ...Bxf5.} 29. Kf1 $2 (29. Re1 Nb2 (29... g6 $2 30. Ne2 $19) 30. Ne3) 29... Rb8 30. Ke1 $2 (30. Ne3 Rb2 31. Nd1 Rxa2 32. Nxc3) 30... Rb2 31. Bd1 Rb1 {[%emt 0:06:14][%cal Ob1d1] [#] ...Rxd1+! is the strong threat.} 32. Ra1 {[%emt 0:06:00] Weighted Error Value: White=0.75/Black=0.53.  Mistake:       	White=5     	Black=1      Inaccurate:     	White=1     	Black=2      OK:         	White=9     	Black=11     Best:        	White=1     	---} 0-1

[Event "Djerba Festival Open-A 2024"]
[Site "Djerba"]
[Date "2024.02.18"]
[Round "1.5"]
[White "Mohebbi, Jafar"]
[Black "Araoune, Saadi"]
[Result "0-1"]
[ECO "B15"]
[WhiteElo "2259"]
[BlackElo "2077"]
[Annotator "TA"]
[PlyCount "66"]
[EventDate "2024.02.18"]
[EventType "swiss"]
[EventCountry "TUN"]
[SourceTitle "playchess.com"]
[Source "ChessBase"]
[SourceQuality "1"]
[TimeControl "5400+30"]

1. e4 c6 2. d4 d5 3. Nc3 dxe4 4. Nxe4 Nf6 5. Nxf6+ exf6 6. Be3 Bd6 7. Qd2 O-O 8. Bd3 Na6 {[%emt 0:02:31] The position is equal.} 9. Bxa6 bxa6 10. Ne2 Rb8 11. c3 Qc7 12. h3 Bf5 13. O-O a5 14. b3 a4 15. b4 {[%emt 0:15:33] White is weak on the light squares} a3 16. Bf4 a5 17. Bxd6 (17. Rfd1 {simplifies} Be6 18. d5 cxd5 19. Bxd6 Qxd6 20. Rab1) 17... Qxd6 18. bxa5 Rb2 19. Qf4 Qd5 (19... Qxf4 {simplifies} 20. Nxf4 Ra8 21. c4 Rxa5 22. d5 cxd5 23. Nxd5 Be6) 20. Ng3 Bg6 21. a6 Qa5 {[%emt 0:04:49] Black has more active pieces.} (21... Rxa2 $2 22. a7 Rxa1 (22... Ra8 $2 23. Qb8+ Qd8 24. Qxd8+ Rxd8 25. Rxa2 $18) 23. Rxa1 $18) 22. Qd6 Qxa6 (22... Qxc3 23. Rac1 Qa5 24. Rxc6 $16) 23. d5 Rc8 $36 {[%emt 0:04:41][%mdl 2048] Black is on the roll.} 24. dxc6 (24. c4 $17) 24... h6 $19 (24... Qxc6 25. Qxa3 Qb6 (25... Qxc3 26. Rfc1 $17) 26. Rad1 $11) 25. Rfe1 {[%emt 0:00:58] [#]} Kh7 $1 ({Weaker is} 25... Rxc6 26. Re8+ Kh7 27. Qf8 Bb1 28. Nh5 (28. Qxf7 Qb6 $11) (28. Qxf7 Qb6 $11)) (25... Qxc6 26. Qxa3 Qxc3 27. Qxc3 Rxc3 28. Re8+ Kh7 29. Re2 Rxe2 30. Nxe2 $15) 26. Re3 Rxc6 27. Qf8 (27. Qf4) 27... Rc8 28. Re8 Rxe8 (28... Rxc3 29. Qh8#) 29. Qxe8 Qb6 30. Rf1 (30. Qe1 $142) 30... Bd3 31. Nh5 Bxf1 {[%emt 0:00:38] Black mates.} ({Stronger than} 31... Rxa2 32. Qxf7) 32. Qe4+ g6 33. Qf3 gxh5 {[%emt 0:00:58] Weighted Error Value: White=0.64/Black=0.04 (flawless) .  Mistake:       	White=3     	---        Inaccurate:     	White=5     	Black=1      OK:         	White=6     	Black=7      Best:        	---       	Black=6      Strong:       	---       	Black=1} 0-1

[Event "Djerba Festival Open-A 2024"]
[Site "Djerba"]
[Date "2024.02.18"]
[Round "1.6"]
[White "Taieb, Sahbi"]
[Black "Rudzinska, Michalina"]
[Result "0-1"]
[ECO "D00"]
[WhiteElo "2085"]
[BlackElo "2241"]
[Annotator "TA"]
[PlyCount "114"]
[EventDate "2024.02.18"]
[EventType "swiss"]
[EventCountry "TUN"]
[SourceTitle "playchess.com"]
[Source "ChessBase"]
[SourceQuality "1"]
[TimeControl "5400+30"]

1. d4 Nf6 2. Nf3 g6 3. Nc3 d5 4. Bf4 a6 5. e3 Bg7 6. Be2 O-O 7. Ne5 {[%emt 0:01:10] D00: Damenbauernspiele.} Nbd7 8. h4 c6 9. h5 Ne8 $146 ({Predecessor:} 9... Qb6 10. Rb1 Nxe5 11. Bxe5 Nd7 12. Bxg7 Kxg7 13. hxg6 hxg6 14. Qd2 Rh8 15. Rxh8 Kxh8 {1-0 Ajibola,O (2297)-Anwuli,D (2330) NGR-ch Lagos 2021 (1)}) 10. hxg6 fxg6 11. Bd3 Nxe5 12. Bxe5 Bf5 13. Bxf5 Rxf5 14. Bxg7 Nxg7 15. g4 Rf7 16. f4 e6 (16... Qb6 $11 {scheint genauer.}) 17. Qd2 Qc7 18. O-O-O Ne8 19. Rh6 Nd6 20. Rdh1 b5 21. Qh2 Rg7 $1 22. Nd1 Rc8 23. b4 (23. Nf2 $14) 23... a5 24. Nb2 (24. bxa5 $15 Ra8 25. Kb1) 24... axb4 $17 25. Nd3 Ne4 (25... Nc4 $1 $17 {...Ra8 wäre nun fies.} 26. f5 (26. Nxb4 $2 {verliert.} Qe7 $19) 26... Qxh2 (26... Nxe3 $2 {ist das falsche Schlagen.} 27. Qe2 $18) (26... gxf5 27. Qxc7 Rcxc7 28. gxf5 $19) (26... exf5 $2 27. gxf5 Qxh2 28. R6xh2 $19) 27. R6xh2 exf5 (27... Nxe3 28. fxg6 Rcc7 29. gxh7+ Rxh7 30. Rxh7 $16) (27... gxf5 $2 28. gxf5 exf5 29. Rh6 $19) 28. gxf5 gxf5) 26. f5 $1 $15 exf5 27. Qxc7 $2 ({Der einzige Zug:} 27. gxf5 $15 gxf5 28. Qxc7 Rcxc7 29. Kb2) 27... Rcxc7 28. gxf5 gxf5 $2 (28... Ng3 $1 $19 29. f6 Rgf7 (29... Nxh1 $2 30. fxg7 Ng3 31. Rh2 $19)) 29. Nxb4 Rg6 30. R6h4 Rg4 (30... Nf2 $17 31. Rf1 Ng4) 31. Nd3 (31. Rh6 $11) 31... Rxh4 $17 32. Rxh4 Kg7 33. Rh5 {[%emt 0:00:37] [#]} Kg6 ({Günstiger ist} 33... Nd6 $1 $17 34. Ne5 c5 35. dxc5 Rxc5) 34. Nf4+ $11 Kf6 35. Kb2 (35. Rh2 $1 $11 {bleibt in der Remisbreite.}) 35... Ng3 36. Rh3 $1 Ne4 (36... Nf1 $5 37. Kc3 $8 Ra7 $11) 37. Rh5 {[%emt 0:00:41] [#]} ({Aber nicht} 37. Rh6+ $2 Kg5 38. Rh1 Ng3 $19) 37... Ng3 $2 (37... Nf2 $1 $17 {Droht ...Re7 und aus.} 38. Kc3 Nd1+ 39. Kd2 Nf2 40. Rh6+ Kg5 41. Rh5+ Kg4) 38. Rh2 $2 (38. Rh3 $1 $11 {und Weiss ist OK.} Ne4 39. Rh2) 38... Ne4 $2 (38... Nf1 $19 39. Rg2 Re7 (39... Nxe3 40. Nh5+ Ke6 41. Re2 $17) 40. Nh5+ Kf7 41. Rg7+ Kf8) 39. Kb3 Ng3 40. Kb4 Ra7 (40... Nf1 $15 41. Rh6+ Kg5) 41. Kb3 $2 (41. Rh6+ $11 {und Weiss steht sicher.} Kg5 42. Rxc6) 41... Kg5 42. Rg2 (42. Nd3 $142) 42... Kg4 $19 43. Nh5 $2 (43. Nd3) 43... Kxh5 $19 44. Rxg3 Kh4 45. Rf3 Kg4 46. Rf4+ Kg5 47. c3 (47. Kb4 $142 Rxa2 48. Rf2) 47... h5 $19 48. Rf2 h4 49. Rg2+ Kh5 50. Kb4 h3 51. Rg8 Rh7 52. Rg1 h2 53. Rh1 Kg4 54. Kc5 Rh6 55. Rxh2 Rxh2 56. Kxc6 Rxa2 57. Kxd5 Rc2 0-1

[Event "Djerba Festival Open-A 2024"]
[Site "Djerba"]
[Date "2024.02.18"]
[Round "1.7"]
[White "Djabri, Massinas"]
[Black "Lorans, Sylvain"]
[Result "1-0"]
[ECO "E51"]
[WhiteElo "2238"]
[BlackElo "2076"]
[Annotator "RC"]
[PlyCount "27"]
[EventDate "2024.02.18"]
[EventType "swiss"]
[EventCountry "TUN"]
[SourceTitle "playchess.com"]
[Source "ChessBase"]
[SourceQuality "1"]
[TimeControl "5400+30"]

1. d4 Nf6 2. c4 e6 3. Nf3 d5 4. Nc3 Bb4 5. a3 Bxc3+ 6. bxc3 O-O 7. e3 Re8 8. Bb2 b6 9. cxd5 exd5 10. c4 Ba6 11. Qb3 Nc6 12. Bc3 Bxc4 13. Be2 Bd3 14. Bxd3 1-0

[Event "Djerba Festival Open-A 2024"]
[Site "Djerba"]
[Date "2024.02.18"]
[Round "1.8"]
[White "Kadi, Mohamed El Mouldi"]
[Black "Abbes, Ali"]
[Result "1/2-1/2"]
[ECO "B33"]
[WhiteElo "2067"]
[BlackElo "2218"]
[Annotator "RC"]
[PlyCount "106"]
[EventDate "2024.02.18"]
[EventType "swiss"]
[EventCountry "TUN"]
[SourceTitle "playchess.com"]
[Source "ChessBase"]
[SourceQuality "1"]
[TimeControl "5400+30"]

1. e4 c5 2. Nf3 Nc6 3. d4 cxd4 4. Nxd4 e5 5. Nb5 d6 6. N1c3 a6 7. Na3 b5 8. Nd5 Nf6 9. Be3 Rb8 10. f3 Nxd5 11. exd5 Ne7 12. c4 Nf5 13. Bf2 b4 14. Nc2 Be7 15. Bd3 O-O 16. O-O Nh4 17. Qe1 a5 18. b3 Ng6 19. Ne3 Nf4 20. Bc2 Bf6 21. Rc1 g6 22. Bb1 Bg7 23. Bh4 Bf6 24. Bf2 Bd7 25. Qd2 Rc8 26. Rfd1 Bg5 27. Qe1 Re8 28. Nf1 Nh5 29. Be3 f5 30. c5 Bxe3+ 31. Qxe3 Bb5 32. c6 Nf4 33. Rd2 Re7 34. g3 Nh5 35. Qg5 Bxf1 36. Kxf1 e4 37. Re1 Rf7 38. Qxd8+ Rxd8 39. fxe4 fxe4+ 40. Kg2 Nf6 41. Bxe4 Re7 42. Rde2 Rde8 43. Bf3 Kf8 44. Rxe7 Rxe7 45. Rxe7 Kxe7 46. Kf2 Ne8 47. Ke3 Nc7 48. Kd4 Nb5+ 49. Kc4 Na3+ 50. Kd3 Nb5 51. Kc4 Na3+ 52. Kd4 Nb5+ 53. Kc4 Na3+ 1/2-1/2

[Event "Djerba Festival Open-A 2024"]
[Site "Djerba"]
[Date "2024.02.18"]
[Round "1.9"]
[White "Barbaria, Yacine"]
[Black "Nassr, Lina"]
[Result "0-1"]
[ECO "B23"]
[WhiteElo "2206"]
[BlackElo "2051"]
[Annotator "RC"]
[PlyCount "84"]
[EventDate "2024.02.18"]
[EventType "swiss"]
[EventCountry "TUN"]
[SourceTitle "playchess.com"]
[Source "ChessBase"]
[SourceQuality "1"]
[TimeControl "5400+30"]

1. e4 c5 2. Nc3 e6 3. f4 Nc6 4. Nf3 d5 5. d3 d4 6. Nb1 f5 7. Nbd2 Nf6 8. g3 Be7 9. Bg2 O-O 10. O-O Rb8 11. Re1 Ng4 12. Nc4 b5 13. Nce5 Ngxe5 14. fxe5 fxe4 15. Rxe4 Bb7 16. Nh4 Nb4 17. a3 Nd5 18. Qg4 Qd7 19. Bd2 Rf7 20. Bh3 Nc7 21. Rf4 Rxf4 22. Bxf4 Bxh4 23. gxh4 Rf8 24. Rf1 Qd5 25. Bg2 Qxg2+ 26. Qxg2 Bxg2 27. Kxg2 Rf5 28. Kf3 h6 29. Ke4 g5 30. hxg5 hxg5 31. Rf2 Rxf4+ 32. Rxf4 gxf4 33. Kxf4 Nd5+ 34. Ke4 Ne3 35. c4 bxc4 36. dxc4 a5 37. b4 cxb4 38. axb4 a4 39. Kxd4 a3 40. Kc3 Nxc4 41. Kb3 Kg7 42. b5 Kg6 0-1

[Event "Djerba Festival Open-A 2024"]
[Site "Djerba"]
[Date "2024.02.19"]
[Round "2.3"]
[White "Araoune, Saadi"]
[Black "Eden, James"]
[Result "0-1"]
[ECO "D15"]
[WhiteElo "2077"]
[BlackElo "2319"]
[Annotator "RC"]
[PlyCount "160"]
[EventDate "2024.02.18"]
[EventType "swiss"]
[EventCountry "TUN"]
[SourceTitle "playchess.com"]
[Source "ChessBase"]
[SourceQuality "1"]
[TimeControl "5400+30"]

1. d4 Nf6 2. c4 c6 3. Nc3 d5 4. e3 a6 5. Nf3 Bf5 6. Qb3 Ra7 7. Nh4 Be4 8. f3 dxc4 9. Qxc4 Bd5 10. Qe2 b5 11. Qf2 b4 12. Na4 Qa5 13. b3 c5 14. e4 Bc6 15. Nxc5 e6 16. Nd3 Be7 17. d5 Rc7 18. dxc6 g5 19. Bb2 Nxc6 20. Be2 gxh4 21. Qxh4 e5 22. Qf2 Rd7 23. Rc1 Nd4 24. Bxd4 Rxd4 25. Rc2 Nd7 26. Qg3 Rd6 27. O-O Rg6 28. Qf2 Bd8 29. Kh1 O-O 30. Rd1 Kh8 31. Nxb4 Qxb4 32. Rxd7 Bb6 33. Qf1 Bd4 34. Bc4 Rg7 35. Qc1 a5 36. Re2 a4 37. Qd2 Qb6 38. Qc2 Rc8 39. Qd3 axb3 40. axb3 Ra8 41. Re1 Qf6 42. Qd2 Rag8 43. Bf1 Qxf3 44. b4 Bc3 45. Qe2 Qf6 46. Rb1 Rg4 47. Qc4 Rf4 48. Rxf7 Qxf7 49. Qxf7 Rxf7 50. Bc4 Rb7 51. Bxg8 Kxg8 52. b5 Bd4 53. g4 Kf7 54. Kg2 Kg6 55. h4 Kf6 56. Rc1 h6 57. g5+ hxg5 58. Rc6+ Kg7 59. hxg5 Rxb5 60. Kf3 Rb6 61. Rc7+ Kg6 62. Kg4 Be3 63. Rc8 Bf4 64. Ra8 Rb7 65. Ra6+ Kh7 66. Rh6+ Kg7 67. Ra6 Rf7 68. Kh5 Be3 69. Rg6+ Kf8 70. Re6 Re7 71. Rf6+ Kg8 72. Rc6 Rh7+ 73. Kg4 Rf7 74. Kh5 Rf4 75. Kg6 Kf8 76. Rf6+ Ke7 77. Rc6 Rg4 78. Rc7+ Kd6 79. Rc3 Bf4 80. Kf6 Rxg5 0-1

[Event "Djerba Festival Open-A 2024"]
[Site "Djerba"]
[Date "2024.02.19"]
[Round "2.5"]
[White "Rudzinska, Michalina"]
[Black "Nassr, Lina"]
[Result "0-1"]
[ECO "B51"]
[WhiteElo "2241"]
[BlackElo "2051"]
[Annotator "TA"]
[PlyCount "121"]
[EventDate "2024.02.18"]
[EventType "swiss"]
[EventCountry "TUN"]
[SourceTitle "playchess.com"]
[Source "ChessBase"]
[SourceQuality "1"]
[TimeControl "5400+30"]

1. e4 c5 2. Nf3 d6 3. Bb5+ Nd7 4. O-O a6 5. Bd3 Ngf6 6. c3 g6 7. Bc2 Bg7 8. Re1 {[%emt 0:00:56] White is slightly better.} O-O 9. d3 (9. a4 {deserves consideration.}) 9... b5 $11 10. Nbd2 Bb7 11. Nf1 Nb8 12. Ng3 Nc6 13. h4 Bc8 {[%emt 0:03:27] [#]} 14. h5 $1 Bg4 (14... Ng4 15. Bb3) 15. h6 Bh8 16. Qd2 Bxf3 17. gxf3 b4 18. Qg5 bxc3 19. bxc3 Nd7 20. Bd2 e6 (20... Qa5 $15 21. Ne2 (21. d4 Bf6 $17) 21... Rab8) 21. Qe3 d5 22. exd5 exd5 23. Qf4 Nde5 24. Kg2 Rb8 25. Qa4 {[%emt 0:02:44][%cal Of3f4] Strongly threatening f4!} d4 26. f4 Qd5+ 27. Ne4 dxc3 28. Bxc3 {[%emt 0:00:58] [#]} Nf3 {[%emt 0:04:30] Really sharp!} 29. Bxh8 $1 {[%emt 0:09:00] A strong pair of Bishops.} Nxe1+ 30. Rxe1 Kxh8 31. Bb3 $1 Qd7 (31... Qxd3 $2 32. Qxc6 Qd4 33. Kg3 $18 (33. Qxc5 Qxc5 34. Nxc5 Rbd8 $18)) 32. Nf6 {[%emt 0:01:20] Inhibits Qg4+.} (32. Qxa6 $15 f6 33. f3) 32... Qc7 (32... Qxd3 $2 33. Qxc6 Rbc8 34. Qe4 $18) 33. Qe4 Nd4 34. Bc4 a5 35. Qe5 ({White should play} 35. Ne8 Qc6 (35... Rfxe8 36. Qxe8+ Rxe8 37. Rxe8#) 36. Qxc6 Nxc6 37. Nd6) 35... Qxe5 36. fxe5 {[%emt 0:00:21] [#]} Rb7 {[%emt 0:01:10] Prevents Nd7} 37. Kg3 Nf5+ 38. Kf4 Rb2 (38... Nxh6 39. Rh1 Kg7 40. Kg5 $16) 39. Ng4 a4 40. Ke4 (40. Kg5 $17 {was called for.}) 40... Rd8 $19 {[%emt 0:02:13] And now ...Nh4 would win.} 41. Bxf7 $2 (41. Kf3) 41... Rd4+ 42. Kf3 Rxd3+ 43. Kf4 $2 (43. Ne3) 43... Rd4+ 44. Kg5 {[%emt 0:00:39] [#]} Rxg4+ $1 45. Kxg4 {[%emt 0:00:36] Black must now prevent Kg5.} Nxh6+ 46. Kf3 Nxf7 {[%emt 0:00:07][%mdl 4096] Endgame. KRN-KR} 47. e6 Ng5+ 48. Kg3 {[%emt 0:00:47] [#]} Nxe6 49. Rxe6 Rxa2 {[%emt 0:00:17] ...a3 would now be deadly. KR-KR} 50. Re7 Rb2 {[%emt 0:00:40] ...a3 is the strong threat.} 51. Ra7 Rb6 52. Rxa4 Rc6 {[%emt 0:00:06] aiming for ...c4.} 53. Kf3 c4 54. Ke2 Rc7 55. Kd2 Kg7 56. Kc3 h5 57. f4 Kf6 58. Ra5 h4 {[%emt 0:00:06] ( -> ...h3)} 59. Ra1 Kf5 60. Rg1 h3 61. Kd4 {[%emt 0:08:13] Weighted Error Value: White=0.41/Black=0.18 (very precise) .  Mistake:       	White=6     	Black=1      Inaccurate:     	White=10    	Black=5      OK:         	White=12    	Black=18     Best:        	White=1     	Black=2      Strong:       	White=2     	---        Brilliant:      	---       	Black=1} 0-1

[Event "Djerba Festival Open-A 2024"]
[Site "Djerba"]
[Date "2024.02.19"]
[Round "2.9"]
[White "Levacic, Damir"]
[Black "Mohebbi, Jafar"]
[Result "1/2-1/2"]
[ECO "A41"]
[WhiteElo "2112"]
[BlackElo "2259"]
[Annotator "RC"]
[PlyCount "161"]
[EventDate "2024.02.18"]
[EventType "swiss"]
[EventCountry "TUN"]
[SourceTitle "playchess.com"]
[Source "ChessBase"]
[SourceQuality "1"]
[TimeControl "5400+30"]

1. d4 d6 2. g3 e5 3. dxe5 dxe5 4. Qxd8+ Kxd8 5. Nc3 c6 6. f4 Bb4 7. fxe5 Bf5 8. Nf3 Bxc2 9. Bh3 Na6 10. Ng5 Nh6 11. Rf1 Ke7 12. Bd2 Rhe8 13. a3 Bxc3 14. Bxc3 Kf8 15. Rc1 Bg6 16. Rd1 Re7 17. e6 Kg8 18. Rf4 fxe6 19. Bxe6+ Kh8 20. Rfd4 Rae8 21. Rd8 Nc7 22. Rxe8+ Bxe8 23. Bc4 b5 24. Bb3 c5 25. Ba5 c4 26. Bc2 g6 27. Rd8 Ne6 28. Nxe6 Rxe6 29. Ra8 a6 30. b3 Nf5 31. Bxf5 gxf5 32. bxc4 bxc4 33. Bc3+ Kg8 34. Ra7 Bh5 35. Rg7+ Kf8 36. Rxh7 Bxe2 37. Rh8+ Ke7 38. Kd2 Bd3 39. Bb4+ Kf7 40. Rh7+ Kg6 41. Rh4 Re2+ 42. Kc3 Ra2 43. Kd4 a5 44. Bxa5 Rxa3 45. Bd2 Be2 46. Bc3 Ra8 47. Rf4 Rd8+ 48. Kc5 Rc8+ 49. Kd4 Rc7 50. h3 Rd7+ 51. Ke3 Re7+ 52. Kd4 Kg5 53. Rf2 Rd7+ 54. Kc5 Bd3 55. Be5 Re7 56. Kd4 Rd7+ 57. Kc5 Rh7 58. h4+ Kg4 59. Rf4+ Kh3 60. Rd4 Re7 61. Kd6 Rh7 62. Ke6 Kg2 63. Kf6 Rh6+ 64. Kg5 Rc6 65. h5 f4 66. gxf4 Bh7 67. Rd7 Bb1 68. f5 c3 69. Bxc3 Rxc3 70. h6 Rg3+ 71. Kf6 Rh3 72. h7 Rh5 73. Rd2+ Kg3 74. Kg7 Rxh7+ 75. Kxh7 Bxf5+ 76. Kh6 Kf4 77. Re2 Be4 78. Kg7 Bf5 79. Kf6 Be4 80. Re1 Bf3 81. Ra1 1/2-1/2

[Event "Djerba Festival Open-A 2024"]
[Site "Djerba"]
[Date "2024.02.20"]
[Round "3.1"]
[White "Travadon, Loic"]
[Black "Domenech, Vianney"]
[Result "1/2-1/2"]
[ECO "B06"]
[WhiteElo "2460"]
[BlackElo "2254"]
[Annotator "TA"]
[PlyCount "63"]
[EventDate "2024.02.18"]
[EventType "swiss"]
[EventCountry "TUN"]
[SourceTitle "playchess.com"]
[Source "ChessBase"]
[SourceQuality "1"]
[TimeControl "5400+30"]

1. e4 Nc6 2. Nf3 d6 3. d4 Nf6 4. Nc3 g6 5. Be3 Bg7 6. Qd2 Ng4 7. Bg5 h6 8. Bh4 {[%emt 0:00:14] White is slightly better.} O-O 9. h3 Nf6 10. O-O-O a6 11. Qe3 b5 12. e5 Nh7 13. exd6 {[%emt 0:00:29] White is more active.} (13. Bd3 $16) 13... cxd6 $11 14. d5 Ne5 15. Nxe5 Bxe5 16. f4 $1 ({Reject} 16. Qxh6 Qa5 17. Kb1 (17. Bxe7 $2 {too greedy.} Re8 $19) 17... Bb7 $11) 16... Bf6 17. Bxf6 exf6 18. Qd4 (18. Bd3 $14) 18... f5 19. Be2 Qf6 20. Bf3 Qxd4 21. Rxd4 Re8 22. a4 bxa4 23. Nxa4 Rb8 (23... a5 $14) 24. b3 $16 Nf6 25. Kb2 Kg7 26. Ra1 g5 27. Nc3 g4 28. Be2 Re3 29. Rd3 Re7 30. Ra4 h5 31. Rc4 (31. Rd1 $11) 31... Bb7 {[%emt 0:00:24] Threatening ...Rbe8.} 32. Rb4 {[%emt 0:01:38] Weighted Error Value: White=0.13 (very precise) /Black=0.11 (very precise) .  Mistake:       	White=4     	Black=1      Inaccurate:     	White=1     	Black=4      OK:         	White=11    	Black=10     Best:        	White=1     	---        Strong:       	White=1     	---} (32. Rcd4 $11) 1/2-1/2